 Dungeon Crawl Stone Soup version 0.28.0 (webtiles) character file.

Game seed: 9330433921631433033

1271 trckry the Shooter (level 8, -4/68 HPs)
             Began as a Minotaur Hunter on Feb 13, 2022.
             Killed by nerve-wracking pain
             ... invoked by an orc priest
              (12 damage)
             ... on level 5 of the Dungeon.
             The game lasted 00:13:41 (5401 turns).

trckry the Shooter (Minotaur Hunter)                Turns: 5401, Time: 00:13:42

Health: -4/68      AC:  5    Str: 19    XL:     8   Next: 28%
Magic:  0/7        EV: 12    Int:  8    God:
Gold:   161        SH:  0    Dex: 11    Spells: 7/7 levels left

rFire   . . .      SeeInvis .   b - +0 war axe
rCold   . . .      Faith    .   (no shield)
rNeg    . . .      Spirit   +   q - +0 ring mail
rPois   .          Reflect  .   (helmet restricted)
rElec   .          Harm     .   (no cloak)
rCorr   .          Rampage  .   (no gloves)
Will    .....                   (no boots)
Stlth   +.........              n - amulet of guardian spirit
HPRegen 0.21/turn               j - ring of flight
MPRegen 0.10/turn               (no ring)

@: flying
A: horns 2, retaliatory headbutt
a: no special abilities


You were on level 5 of the Dungeon.
You visited 1 branch of the dungeon, and saw 5 of its levels.
You also visited: Sewer.

You collected 269 gold pieces.
You spent 108 gold pieces at shops.

Inventory:

Hand Weapons
 a - a +1 shortbow
 b - a +0 war axe (weapon)
 x - a +2 short sword of venom
Missiles
 d - 48 arrows
 s - 25 poisoned darts (quivered)
Armour
 q - a +0 ring mail (worn)
Jewellery
 j - a ring of flight (left hand)
 n - an amulet of guardian spirit (around neck)
 r - a ring of protection from fire
Wands
 m - a wand of iceblast (6)
 t - a wand of polymorph (5)
Scrolls
 c - 8 scrolls of identify {unknown}
 e - 2 scrolls of holy word {unknown}
 i - a scroll of amnesia {unknown}
 k - a scroll of enchant armour {unknown}
 l - a scroll of summoning {unknown}
 y - a scroll of torment {unknown}
Potions
 f - a potion of flight {unknown}
 g - 2 potions of berserk rage {unknown}
 h - 2 potions of attraction {unknown}
 o - 2 potions of mutation {unknown}
 p - a potion of lignification {unknown}
 u - 2 potions of curing
 v - 2 potions of resistance {unknown}
 w - 2 potions of haste {unknown}
 z - a potion of might {unknown}
 A - a potion of experience {unknown}
 B - a potion of heal wounds


   Skills:
 + Level 5.1 Fighting
 * Level 4.9 Axes
 * Level 7.4 Bows
 + Level 4.3 Armour
 + Level 4.6 Dodging
 - Level 0.7 Stealth
 + Level 2.4 Evocations


You had 7 spell levels left.
You didn't know any spells.
Your spell library contained the following spells:

 Spells                   Type           Power      Damage    Failure   Level
 Ensorcelled Hibernation  Hex/Ice        0%         N/A       73%         2
 Spider Form              Tmut/Pois      0%         N/A       91%         3
 Anguish                  Hex/Necr       0%         N/A       100%        4


Dungeon Overview and Level Annotations

Branches:
Dungeon (5/15)              Sewer (visited)
 Temple: D:4-7

Altars:

Shops:
D:3 !

Annotations:
D:3 3 runed translucent doors, DemonSlayer's ghost, weakling DEWz; Dillmonsterx101's ghost, weakling OgBe
D:4 3 runed translucent doors, ooooo's ghost, amateur OpCj


Innate Abilities, Weirdness & Mutations

You have a pair of horns on your head.
You reflexively headbutt those who attack you in melee.


Message History

You barely miss the orc priest.
The orc priest is lightly wounded.
The orc priest hits you with a +0 dagger.
The orc hits you but does no damage.
You hit the orc priest. You headbutt the orc priest.
The orc priest is heavily wounded.
The orc priest completely misses you. The orc closely misses you.
The orc priest barely misses you. The orc barely misses you.
You barely miss the orc priest.
The orc priest is heavily wounded.
The orc priest hits you with a +0 dagger.
The orc hits you but does no damage.
You hit the orc priest but do no damage.
You headbutt the orc priest, but do no damage.
The orc priest is heavily wounded.
The orc priest closely misses you.
The orc hits you from afar with a +0 trident.
You barely miss the orc priest.
You headbutt the orc priest, but do no damage.
The orc priest is heavily wounded.
The orc priest hits you with a +0 dagger.
The orc barely misses you.
You slash the orc priest!
You headbutt the orc priest, but do no damage.
The orc priest is almost dead.
The orc priest looks satisfied for a moment.
The orc closely misses you.
The orc priest invokes the aid of Beogh against you.
You struggle to resist.
The orc hits you from afar with a +0 trident.
* * * LOW HITPOINT WARNING * * *
You closely miss the orc priest.
The orc priest is almost dead.
The orc priest hits you with a +0 dagger.
* * * LOW HITPOINT WARNING * * *
The orc hits you from afar with a +0 trident!
* * * LOW HITPOINT WARNING * * *
The orc priest calls down the wrath of Beogh upon you.
Pain shoots through your body!
You die...

#.#)..)).........#
#...####.##.....##
##..# #.######.#
#..####.# #.#
#.....#.# ##'##
##.##.#.# ##..>##
#.##.#.# ##.....##
#.#..#.###.......#
#@.....##.........
#.......+.........
##o...###.........
##o..# ##.......#
..... ##..$..##
.....# ###..##
.....# #+## ...###
...#


You could see an orc priest and an orc.

Vanquished Creatures
  Grinder (Sewer)
  Sigmund (D:3)
  An ice beast (D:5)
  A phantom (D:2)
  2 kobold brigands (Sewer)
  A scorpion (D:4)
  A water moccasin skeleton (D:4)
  A quasit (Sewer)
  An orc priest (D:5)
  2 bullfrog skeletons
  3 scorpion zombies (D:4)
  An orc wizard (D:3)
  4 hound zombies
  A howler monkey skeleton (D:4)
  6 adders
  A river rat (D:5)
  2 shadow imps (Sewer)
  3 ufetubi
  An adder skeleton (D:4)
  2 adder zombies (D:4)
  2 worms
  4 dart slugs
  13 orcs
  2 endoplasms
  A giant cockroach (D:4)
  2 goblins
  7 hobgoblins
  10 jackals
  6 quokkas
  10 ball pythons
  7 bats
  3 frilled lizards
  21 kobolds
  2 kobold zombies (Sewer)
  7 rats
133 creatures vanquished.

Vanquished Creatures (others)
  2 adder zombies (Sewer)
  2 bat zombies (Sewer)
  An endoplasm (Sewer)
  A kobold zombie (Sewer)
  2 fungi (D:2)
  2 plants (D:2)
  2 withered plants (D:3)
12 creatures vanquished.

Grand Total: 145 creatures vanquished

Notes
Turn   | Place    | Note
-------+----------+-------------------------------------------
     0 | D:1      | trckry the Minotaur Hunter began the quest for the Orb.
     0 | D:1      | Reached XP level 1. HP: 18/18 MP: 0/0
   161 | D:1      | Reached XP level 2. HP: 13/25 MP: 1/1
   473 | D:1      | Reached skill level 1 in Armour
   888 | D:1      | Reached XP level 3. HP: 30/30 MP: 2/2
  1065 | D:2      | Found a faded altar of an unknown god.
  1125 | D:2      | Noticed a phantom
  1636 | D:3      | Noticed Sigmund
  1674 | D:2      | HP: 4/31 [phantom (3)]
  1675 | D:2      | Killed a phantom
  1676 | D:2      | Reached skill level 5 in Bows
  1676 | D:2      | Reached XP level 4. HP: 5/38 MP: 3/3
  2522 | D:3      | Reached XP level 5. HP: 30/45 MP: 2/4
  2865 | D:3      | Killed Sigmund
  2866 | D:3      | Reached skill level 1 in Axes
  2866 | D:3      | Reached skill level 6 in Bows
  2866 | D:3      | Reached XP level 6. HP: 38/52 MP: 3/5
  2982 | D:3      | Found a runed translucent gate.
  3161 | D:3      | Found a runed translucent gate.
  3161 | D:3      | Found a runed translucent gate.
  3374 | D:3      | Found Mizots's Distillery.
  3382 | D:3      | Bought a potion of degeneration for 12 gold pieces
  3382 | D:3      | Bought a potion of curing for 36 gold pieces
  3382 | D:3      | Bought a potion of heal wounds for 60 gold pieces
  3481 | D:3      | Noticed Dillmonsterx101's ghost (weakling OgBe)
  3481 | D:3      | Noticed DemonSlayer's ghost (weakling DEWz)
  3520 | D:4      | Reached skill level 1 in Evocations
  4080 | D:4      | Reached XP level 7. HP: 50/59 MP: 4/6
  4080 | D:4      | Found a runed translucent gate.
  4080 | D:4      | Found a runed translucent gate.
  4080 | D:4      | Found a runed translucent gate.
  4082 | D:4      | Noticed ooooo's ghost (amateur OpCj)
  4638 | D:5      | Entered Level 5 of the Dungeon
  4658 | D:5      | Found a glowing drain.
  4677 | Sewer    | Entered a sewer
  4900 | Sewer    | Found a burning altar of Makhleb.
  4903 | Sewer    | Noticed Grinder
  4935 | Sewer    | Paralysed by Grinder for 7 turns
  4947 | Sewer    | HP: 9/60 [Grinder (6)]
  4965 | Sewer    | Killed Grinder
  4966 | Sewer    | Reached skill level 7 in Bows
  4966 | Sewer    | Reached XP level 8. HP: 33/67 MP: 2/7
  4978 | Sewer    | Reached skill level 5 in Fighting
  5400 | D:5      | HP: 8/68 [orc (6)]
  5401 | D:5      | Killed from afar by an orc priest

Illustrated notes

Levels and vault maps discovered:
D:1:      lemuel_arrival_river_ford, layout_rooms
D:2:      layout_basic, dreamdust_ecumenical_altar_grove
D:3:      layout_basic, gammafunk_ghost_cemetery, serial_glass, glass_columns_a,
          glass_columns_a, glass_columns_a, glass_columns_a, glass_columns_a,
          glass_columns_a, glass_columns_b, glass_columns_c, serial_shops,
          shop_statue, uniq_sigmund
D:4:      layout_rooms, ebering_ghost_rock_garden, serial_undead,
          serial_undead_d, serial_undead_f, serial_undead_f, serial_undead_a,
          serial_undead_b, serial_undead_b
D:5:      layout_loops_corners, minitemple, portal_sewer_entry_c,
          enter_ossuary_1, serial_rivers, chequers_serial_rivers_small_b,
          chequers_serial_rivers_micro_e, chequers_serial_rivers_small_b,
          chequers_serial_rivers_small_a, chequers_serial_rivers_micro_d,
          grunt_ministairs_8

Skill      XL: |  1  2  3  4  5  6  7  8 |
---------------+-------------------------+-----
Armour         | 1 2 3 4 |  4.3
Fighting       | 3 4 5 |  5.1
Bows           | 5 6 7 |  7.4
Dodging        | 3 4 |  4.6
Axes           | 1 2 4 |  4.9
Evocations     | 1 2 |  2.4
Stealth        | |  0.7

Action                   |  1- 3 |  4- 6 |  7- 9 || total
-------------------------+-------+-------+-------++-------
Melee: Short sword       |    92 |    38 |       ||   130
       Headbutt          |    12 |    37 |    25 ||    74
       Punch             |     3 |     6 |       ||     9
       Hand axe          |       |    87 |    29 ||   116
       War axe           |       |       |    78 ||    78
 Fire: Shortbow          |     6 |    35 |    55 ||    96
Throw: Dart              |       |       |     1 ||     1
  Use: Potion            |       |       |     1 ||     1
 Stab: Sleeping          |     1 |       |       ||     1
Armor: Leather armour    |    28 |     9 |       ||    37
       Ring mail         |       |    42 |    34 ||    76
Dodge: Dodged            |    72 |    97 |    89 ||   258
